 Dungeon Crawl Stone Soup version 0.22-a0-247-gbddf880 (webtiles) character file.

143 4thArraOfDagon the Skirmisher (level 5, 0/41 HPs)
             Began as a Mummy Enchanter on Feb 24, 2018.
             Killed from afar by an orc wizard (6 damage)
             ... with a magic dart
             ... on level 4 of the Dungeon.
             The game lasted 00:08:54 (1843 turns).

4thArraOfDagon the Skirmisher (Mummy Enchanter)     Turns: 1843, Time: 00:08:55

Health: 0/41       AC:  3    Str: 11    XL:     5   Next: 4%
Magic:  9/9        EV: 12    Int: 15    God:
Gold:   91         SH:  0    Dex: 13    Spells: 3/9 levels left

rFire    x . .     SeeInvis .   a - +1 dagger
rCold    + . .     Gourm    .   (no shield)
rNeg     + + +     Faith    .   b - +0 robe
rPois    ∞         Spirit   .   (no helmet)
rElec    .         Reflect  .   (no cloak)
rCorr    .         Harm     .   (no gloves)
MR       .....                  g - +0 pair of boots
Stlth    +.........             (no amulet)
HPRegen  0.13/turn              (no ring)
MPRegen  0.11/turn              (no ring)

@: confused
A: no food or potions, fire vulnerability, cold resistance 1, negative energy
resistance 3, torment resistance, unbreathing
a: no special abilities


You were on level 4 of the Dungeon.
You were not hungry.

You visited 1 branch of the dungeon, and saw 4 of its levels.

You collected 91 gold pieces.

Inventory:

Hand Weapons
 a - a +1 dagger (weapon)
Missiles
 l - 4 javelins (quivered)
Armour
 b - a +0 robe (worn)
 g - a +0 pair of boots (worn)
Wands
 i - a wand of iceblast (2)
Scrolls
 c - a scroll of teleportation {unknown}
 d - a scroll of magic mapping {unknown}
 e - 2 scrolls of identify {unknown}
 f - 2 scrolls of amnesia {unknown}
 h - a scroll of enchant armour {unknown}
 j - 2 scrolls of enchant weapon {unknown}
 k - a scroll of random uselessness {unknown}
 m - a scroll of remove curse {unknown}


   Skills:
 + Level 3.1 Fighting
 - Level 3.0 Short Blades
 - Level 1.5 Dodging
 - Level 2.4 Stealth
 - Level 2.6 Spellcasting
 - Level 2.6 Hexes


You had 3 spell levels left.
You knew the following spells:

 Your Spells              Type           Power        Failure   Level  Hunger
a - Corona                Hex            ##.....      7%          1    N/A
b - Ensorcelled Hibernat  Hex/Ice        #.....       19%         2    N/A
c - Confuse               Hex            ##......     21%         3    N/A

Dungeon Overview and Level Annotations

Branches:
Dungeon (4/15)
 Temple: D:4-7

Altars:
Dithmenos
Hepliaklqana

Annotations:
D:3 KristoblXynda's ghost, amateur DrGl


Innate Abilities, Weirdness & Mutations

You do not eat or drink.
Your flesh is vulnerable to fire.
You are immune to poison.
Your flesh is cold resistant. (rC+)
You are immune to negative energy. (rN+++)
You are immune to unholy pain and torment.
You can survive without breathing.


Message History

Unknown command.
Unknown command.
Unknown command.
Unknown command.
Unknown command.
Unknown command.
The orc wizard gestures at you while chanting.
You are confused.
Unknown command.
Unknown command.
Unknown command.
Unknown command.
The orc wizard casts a spell.
The orc wizard flickers and vanishes!
Deactivating autopickup; reactivate with Ctrl-A.
Unknown command.
You bump into the crystal wall.
A magic dart appears from out of thin air!
The magic dart hits you!
You die...

##.. ... #. ..####.#.#
#. #....#...# #.
##.##.#.#.#
##.##...#.#...#
......_.o.....#
#.#.#..{##.##.#
#.#.##.###o# ..
#.#.@..###o# ..
#.####.....# ..
#......##### .#
#####..#..# .#
###########........#
.#
#.(................#
.#
#.#########.########
.###<#####............
[)......##>###.#######


You could see an orc.

Vanquished Creatures
  2 orc wizards
  2 adders
  A dart slug (D:2)
  3 leopard geckos
  10 orcs
  6 bats
  2 giant cockroaches
  7 goblins
  3 hobgoblins
  9 frilled lizards
  5 kobolds
  7 rats
57 creatures vanquished.

Notes
Turn   | Place    | Note
-------+----------+-------------------------------------------
     0 | D:1      | 4thArraOfDagon the Mummy Enchanter began the quest for the Orb.
     0 | D:1      | Reached XP level 1. HP: 13/13 MP: 4/4
    85 | D:1      | Reached skill level 1 in Short Blades
   311 | D:1      | Reached XP level 2. HP: 10/19 MP: 1/5
   358 | D:1      | Learned a level 2 spell: Ensorcelled Hibernation
   723 | D:2      | Found a faded altar of an unknown god.
   791 | D:2      | Found a shadowy altar of Dithmenos.
   803 | D:2      | Reached XP level 3. HP: 15/24 MP: 7/7
  1087 | D:3      | Learned a level 3 spell: Confuse
  1294 | D:3      | Noticed KristoblXynda's ghost (amateur DrGl)
  1371 | D:3      | Reached skill level 1 in Fighting
  1428 | D:3      | Reached XP level 4. HP: 32/32 MP: 4/8
  1726 | D:4      | Reached XP level 5. HP: 26/41 MP: 1/9
  1806 | D:4      | Found a hazy altar of Hepliaklqana.
  1843 | D:4      | Killed from afar by an orc wizard

Vault maps used:
D:1:      co_arrival_square_in_a_square_in_a_square, st_stairs_5,
          minmay_pentomino_p2
D:2:      nicolae_overflow_hidden_temple, chequers_ecumenical_altar_simple_redux
D:3:      first_ration, grunt_decor_cap
D:4:      nicolae_overflow_crystal_walls, vehumet_statue

Skill      XL: |  1  2  3  4 |
---------------+-------------+-----
Short Blades   | 1 2 3 |  3.0
Fighting       | 1 3 |  3.1
Dodging        | |  1.5
Stealth        | |  2.4
Spellcasting   | |  2.6
Hexes          | |  2.6

Action                   |  1- 3 |  4- 6 || total
-------------------------+-------+-------++-------
Melee: Dagger            |    96 |    34 ||   130
 Cast: Corona            |     9 |       ||     9
       Ensorcelled Hiber |    26 |    12 ||    38
       Confuse           |       |     1 ||     1
Evoke: Wand              |       |     3 ||     3
 Stab: Sleeping          |    22 |     6 ||    28
Armor: Robe              |    27 |     7 ||    34
Dodge: Dodged            |    62 |    32 ||    94

Table legend:
 A = Spawn XP
 B = Non-spawn XP
 C = Spawn XP percentage of total XP
 D = Spawn monster count
 E = Non-spawn monster count
 F = Spawn count percentage of total count
 G = Total turns spent on level
                    A         B        C        D         E        F      G
               +---------+---------+-------+---------+---------+-------+---------
         Total |       0 |     205 |   0.0 |       0 |      57 |   0.0 |  1843
               +---------+---------+-------+---------+---------+-------+---------
           D:1 |       0 |      17 |   0.0 |       0 |      13 |   0.0 |   462
           D:2 |       0 |      46 |   0.0 |       0 |      20 |   0.0 |   552
           D:3 |       0 |      89 |   0.0 |       0 |      19 |   0.0 |   645
           D:4 |       0 |      53 |   0.0 |       0 |       5 |   0.0 |   184
               +---------+---------+-------+---------+---------+-------+---------
